 Dungeon Crawl Stone Soup version 0.28-a0-773-g130ae17fe5 (webtiles) character file.

Game seed: 16814495903425793215

61 DungeonMaster the Skirmisher (level 3, 0/27 (29) HPs)
             Began as a Demonspawn Wanderer on Nov 2, 2021.
             Succumbed to an adder's poison
             ... on level 1 of the Dungeon.
             The game lasted 00:02:01 (1332 turns).

DungeonMaster the Skirmisher (Demonspawn Wanderer)  Turns: 1332, Time: 00:02:01

HP:   0/27 (29)     AC:  6    Str: 13    XL:     3   Next: 83%
MP:   3/3           EV: 10    Int: 14    God:
Gold: 30            SH:  0    Dex: 11    Spells: 2/2 levels left

rFire   . . .      SeeInvis .   a - +2 hand axe
rCold   . . .      Faith    .   (no shield)
rNeg    . . .      Spirit   .   f - +0 ring mail
rPois   .          Reflect  .   j - +0 helmet
rElec   .          Harm     .   (no cloak)
rCorr   .          Rampage  .   (no gloves)
Will    .....                   (no boots)
Stlth   +.........              (no amulet)
HPRegen 0.09/turn               (no ring)
MPRegen 0.08/turn               (no ring)

@: lethally poisoned (0 -> -9), drained
A: powered by pain 2
a: no special abilities


You were on level 1 of the Dungeon.
You visited 1 branch of the dungeon, and saw 2 of its levels.

You collected 30 gold pieces.

Inventory:

Hand Weapons
 a - a +2 hand axe (weapon)
 h - a +0 hunting sling
 i - a +2 short sword of draining
Missiles
 d - 5 bolts
 e - 89 stones (quivered)
 g - 24 arrows
Armour
 f - a +0 ring mail (worn)
 j - a +0 helmet (worn)
Scrolls
 c - a scroll of teleportation
Potions
 b - a potion of curing


   Skills:
 * Level 3.0 Fighting
 - Level 1.0(1.1) Axes
 - Level 1.0(1.1) Polearms
 - Level 1.7 Throwing
 * Level 2.3 Armour
 * Level 2.2 Dodging
 - Level 1.0 Stealth


You had 2 spell levels left.
You didn't know any spells.
Your spell library was empty.

Dungeon Overview and Level Annotations

Branches:
Dungeon (2/15)

Altars:


Innate Abilities, Weirdness & Mutations

You sometimes gain power by taking damage.


Message History

The adder barely misses you. The goblin hits you with a +0 club.
You miss the adder. You closely miss the goblin. You hit the adder.
You feel sick. The adder bites you but does no damage.
The adder closely misses you. The goblin barely misses you.
The adder barely misses you. The adder bites you but does no damage.
You hit the adder.
The adder is severely wounded.
You hit the goblin. You completely miss the adder.
You feel sick.
You are no longer poisoned.
The adder bites you but does no damage. The adder barely misses you.
The goblin barely misses you. The adder closely misses you.
You closely miss the adder.
The adder is severely wounded.
You hit the adder. You hit the goblin.
You kill the goblin!
The adder bites you.
You are poisoned.
The adder poisons you! The adder bites you. The adder completely misses you.
You hit the adder.
The adder is severely wounded.
You closely miss the adder.
You feel sick. The adder bites you but does no damage.
The adder closely misses you. The adder misses you.
The adder bites you but does no damage.
You hit the adder.
The adder is severely wounded.
You miss the adder.
You feel sick.
The adder bites you but does no damage. x2
You miss the adder.
The adder is severely wounded.
You closely miss the adder.
You feel sick. The adder bites you but does no damage. The adder bites you.
* * * LOW HITPOINT WARNING * * *
The adder barely misses you. The adder bites you.
* * * LOW HITPOINT WARNING * * *
You are more poisoned.
The adder poisons you!
You hit the adder.
The adder is almost dead.
You hit the adder.
You kill the adder!
You die...

#.......#.###.#.###.#.......#
#..........##.#.......##.#..#
##..........#...........#..#.#
####........[..#...........##....
....)..........#.............#...
.##.#........................#.##
###.......................#......
##............#†S......)...##.#.
##...........###@)...............
.............###)).######.......#
.............##..### #.......#
............###.## #........
............##..# #.......#
............[..## #######..
............#### ###
...##.......# # .....#.#....# #


You could see an adder.

Vanquished Creatures
  Robin (D:1)
  An adder (D:1)
  A dart slug (D:1)
  A bat (D:1)
  3 endoplasms (D:1)
  A giant cockroach (D:1)
  11 goblins (D:1)
  3 hobgoblins (D:1)
  12 jackals (D:1)
  2 kobolds (D:1)
  2 ball pythons (D:1)
  3 rats (D:1)
41 creatures vanquished.

Notes
Turn   | Place    | Note
-------+----------+-------------------------------------------
     0 | D:1      | DungeonMaster the Demonspawn Wanderer began the quest for
                  | the Orb.
     0 | D:1      | DungeonMaster set off with the following items: a +2 hand
                  | axe, a potion of curing, a scroll of teleportation, a +0
                  | robe
     0 | D:1      | Reached XP level 1. HP: 16/16 MP: 1/1
   114 | D:1      | Gained mutation: You sometimes gain a little power by
                  | taking damage. [demonic ancestry]
   114 | D:1      | Reached XP level 2. HP: 6/23 MP: 2/2
   528 | D:1      | Gained mutation: You sometimes gain power by taking damage.
                  | [demonic ancestry]
   528 | D:1      | Reached XP level 3. HP: 13/28 MP: 3/3
   754 | D:1      | Found a faded altar of an unknown god.
   954 | D:2      | Noticed Robin
   967 | D:1      | Killed Robin
   970 | D:1      | Reached skill level 3 in Fighting
  1332 | D:1      | Succumbed to an adder's poison

Illustrated notes

Levels and vault maps discovered:
D:1:      evilmike_arrival_crescent, layout_rooms,
          hellmonk_ecumenical_altar_dog_temple
D:2:      layout_loops_ring, uniq_robin

Skill      XL: |  1  2  3 |
---------------+----------+-----
Armour         | 2 |  2.3
Dodging        | 2 |  2.2
Fighting       | 3 |  3.0
Axes           | |  1.0
Polearms       | |  1.0
Throwing       | |  1.7
Stealth        | |  1.0

Action                   || total
-------------------------++-------
Melee: Hand axe          ||    81
  Use: Scroll            ||     1
 Stab: Sleeping          ||     1
Armor: Robe              ||     3
       Ring mail         ||    50
Dodge: Dodged            ||    79

Table legend: (Time is in decaauts)
 A = Elapsed time spent in this place.
 B = Non-inter-level travel time spent in this place.
 C = Inter-level travel time spent in this place.
 D = Time resting spent in this place.
 E = Time spent auto-exploring this place.
 F = Levels seen in this place.
 G = Mean time per level.
                   A        B        C        D        E       F      G
               +--------+--------+--------+--------+--------+-----+--------+
         Total |   1357 |   1343 |     14 |    741 |    368 |   2 |  678.5 |
       Dungeon |   1357 |   1343 |     14 |    741 |    368 |   2 |  678.5 |
               +--------+--------+--------+--------+--------+-----+--------+

Top non-repeatable levels by time:
     D:1: 1345 daAuts
     D:2: 11 daAuts
